 Dungeon Crawl Stone Soup version 0.29-a0-40-g8eb35efe60 (webtiles) character file.

Game seed: 5626792102316126812

39 vineage the Skirmisher (level 3, -2/24 HPs)
             Began as a Gargoyle Fighter on Feb 1, 2022.
             Slain by a goblin (3 damage)
             ... led by Robin
             ... on level 2 of the Dungeon.
             The game lasted 00:01:00 (1474 turns).

vineage the Skirmisher (Gargoyle Fighter)           Turns: 1474, Time: 00:01:01

Health: -2/24      AC: 10    Str: 19    XL:     3   Next: 45%
Magic:  3/3        EV:  9    Int:  8    God:
Gold:   91         SH:  4    Dex: 11    Spells: 2/2 levels left

rFire   . . .      SeeInvis .   a - +0 flail
rCold   . . .      Faith    .   c - +0 buckler
rNeg    + . .      Spirit   .   b - +0 scale mail
rPois   ∞          Reflect  .   (no helmet)
rElec   +          Harm     .   (no cloak)
rCorr   .          Rampage  .   (no gloves)
Will    .....                   (no boots)
Stlth   ..........              (no amulet)
HPRegen 0.08/turn               (no ring)
MPRegen 0.08/turn               (no ring)

@: mighty, invisible
A: sickness immunity, AC +3, negative energy resistance 1, electricity
resistance, torment resistance 1, petrification resistance
a: no special abilities


You were on level 2 of the Dungeon.
You visited 1 branch of the dungeon, and saw 2 of its levels.

You collected 91 gold pieces.

Inventory:

Hand Weapons
 a - a +0 flail (weapon)
Armour
 b - a +0 scale mail (worn)
 c - a +0 buckler (worn)
Scrolls
 f - a scroll of identify {unknown}
 g - a scroll of fear {unknown}
Potions
 e - a potion of invisibility
 h - a potion of attraction {unknown}
 i - a potion of mutation {unknown}


   Skills:
 * Level 4.0 Fighting
 + Level 2.4 Maces & Flails
 + Level 3.6 Armour
 + Level 3.6 Shields


You had 2 spell levels left.
You didn't know any spells.
Your spell library contained the following spells:

 Spells                   Type           Power      Damage    Failure   Level
 Cause Fear               Hex            0%         N/A       100%        4
 Dragon Form              Tmut           0%         N/A       100%        7
 Dragon's Call            Summ           0%         N/A       100%        9


Dungeon Overview and Level Annotations

Branches:
Dungeon (2/15)

Altars:

Annotations:
D:2 Robin


Innate Abilities, Weirdness & Mutations

You are immune to sickness and miasma.
Your stone body is resilient. (AC +3)
You are immune to poison.
You resist negative energy. (rN+)
You are resistant to electric shocks. (rElec)
You are resistant to unholy torment.
You are immune to petrification.


Message History

Your Fighting skill increases to level 4!
You closely miss the goblin.
Robin laughs in a distinctly smug fashion.
Robin throws the goblin at you! The goblin closely misses you.
The goblin hits you with a +0 dagger.
You are too injured to fight recklessly!
You are too injured to fight recklessly!
You are too injured to fight recklessly!
You are too injured to fight recklessly!
You are too injured to fight recklessly!
You are too injured to fight recklessly!
You are too injured to fight recklessly!
You are too injured to fight recklessly!
You are too injured to fight recklessly!
You are too injured to fight recklessly!
You are too injured to fight recklessly!
You are too injured to fight recklessly!
You are too injured to fight recklessly!
You are too injured to fight recklessly!
You barely miss the goblin. You block the goblin's attack. x2
Robin roars a battlecry!
The goblin goes into a battle-frenzy!
The goblin hits you with a +0 club.
You feel very mighty all of a sudden. The goblin closely misses you.
Robin zaps a wand.
Some rock shatters into small pieces.
The now-empty wand crumbles to dust.
The goblin misses you.
You thump the goblin!
You kill the goblin!
The goblin hits you with a +0 dagger.
* * * LOW HITPOINT WARNING * * *
The goblin hits you but does no damage.
You closely miss the goblin. You block the goblin's attack.
You closely miss the goblin. The goblin closely misses you.
You barely miss the goblin. The goblin hits you with a +0 dagger.
* * * LOW HITPOINT WARNING * * *
It was a potion of invisibility.
You fade into invisibility!
The goblin hits you with a +0 dagger.
You die...

#.#.........# #.#
#.##..####### #.#
#..........# ##
#.######..####.# #.
..........#
#.###.#####...#
g####g............#
g.......#.#####..#####
..<.ggg@).........
##..g#####..######
#### ####


You could see a hobgoblin (strong) and 3 goblins.

Vanquished Creatures
  3 endoplasms
  2 giant cockroaches (D:2)
  11 goblins
  4 hobgoblins (D:2)
  2 quokkas
  2 ball pythons (D:1)
  2 bats (D:1)
  3 frilled lizards
  2 kobolds (D:2)
  A rat (D:1)
32 creatures vanquished.

Vanquished Creatures (others)
  3 withered plants (D:1)
3 creatures vanquished.

Grand Total: 35 creatures vanquished

Notes
Turn   | Place    | Note
-------+----------+-------------------------------------------
     0 | D:1      | vineage the Gargoyle Fighter began the quest for the Orb.
     0 | D:1      | Reached XP level 1. HP: 14/14 MP: 1/1
   194 | D:1      | Reached XP level 2. HP: 19/19 MP: 2/2
   537 | D:1      | Found a faded altar of an unknown god.
  1118 | D:2      | Reached XP level 3. HP: 19/24 MP: 3/3
  1454 | D:2      | Noticed Robin
  1467 | D:2      | Reached skill level 4 in Fighting
  1473 | D:2      | HP: 1/24 [goblin[Robin] (4)]
  1474 | D:2      | Slain by a goblin

Illustrated notes

Levels and vault maps discovered:
D:1:      lightli_arrival_statuegarden, layout_basic,
          shapermc_ecumenical_altar_flowoftime, minmay_hedge_maze,
          minmay_misc_feat_square
D:2:      cheibrodos_greedy_goblins, layout_basic, uniq_robin

Skill      XL: |  1  2  3 |
---------------+----------+-----
Fighting       | 4 |  4.0
Maces & Flails | |  2.4
Armour         | |  3.6
Shields        | |  3.6

Action                   || total
-------------------------++-------
Melee: Flail             ||   114
  Use: Potion            ||     2
Armor: Scale mail        ||    73
Dodge: Dodged            ||    54
Block: Buckler           ||    24

Table legend: (Time is in decaauts)
 A = Elapsed time spent in this place.
 B = Non-inter-level travel time spent in this place.
 C = Inter-level travel time spent in this place.
 D = Time resting spent in this place.
 E = Time spent auto-exploring this place.
 F = Levels seen in this place.
 G = Mean time per level.
                   A        B        C        D        E       F      G
               +--------+--------+--------+--------+--------+-----+--------+
         Total |   1511 |   1456 |     55 |      0 |   1205 |   2 |  755.5 |
       Dungeon |   1511 |   1456 |     55 |      0 |   1205 |   2 |  755.5 |
               +--------+--------+--------+--------+--------+-----+--------+

Top non-repeatable levels by time:
     D:1: 910 daAuts
     D:2: 600 daAuts
